Flames vs Wild

Created - November 10, 2016 at 17:31

Goals
1 2 3 T
Flames 1 1 0 2
Wild 0 2 1 3
Shots
1 2 3 T
Flames 11 18 10 39
Wild 13 11 8 32

1st period

1. Flames , Andrej Nestrasil 2 (Devante Smith-Pelly, Justin Faulk) at 0:47

Penalties :
Kevan Miller (CGY) for Hooking (Minor) at 1:24, Brady Skjei (CGY) for Hooking (Minor) at 5:17, Carl Gunnarsson (MIN) for Tripping (Minor) at 7:53, Alexander Edler (MIN) for Holding (Minor) at 16:09, Devante Smith-Pelly (CGY) for Holding (Minor) at 16:09

2nd period

2. Wild , Marian Gaborik 5 (Eric Staal) at 0:05
3. Flames , John Carlson 3 (James van Riemsdyk, Ryan Johansen) at 11:48
4. Wild , Alexander Edler 1 (Eric Staal) at 14:44

Penalties :
Marian Gaborik (MIN) for Roughing (Minor) at 0:06, Eric Staal (MIN) for Hooking (Minor) at 6:55

3rd period

5. Wild , Jason Pominville 6 (Marian Gaborik, Carl Gunnarsson) at 6:51

Penalties :
Kevan Miller (CGY) for Interference (Minor) at 10:31

Goalie Stats

Ben Bishop (CGY), 29 saves from 32 shots - (0.906), L, 5-4-2, 59:07 minutes
James Reimer (MIN), 37 saves from 39 shots - (0.949), W, 6-5-3, 60:00 minutes

Players Stats for Flames

Player Name              G  A  P  +/- PIM S  H  SB GA TA FO     MP     PP MP  PK MP  
------------------------------------------------------------------------------------
Alec Martinez            0  0  0   0  0   0  3  2  0  0  0/0    27:25   3:49   3:34 
Andrej Nestrasil         1  0  1  -1  0   6  0  0  0  0  14/23  18:07   2:10   2:02 
Andrew Miller            0  0  0   0  0   0  0  0  0  0  0/0     4:02   0:00   0:00 
Antoine Vermette         0  0  0   0  0   2  2  1  0  0  12/17  12:08   0:00   2:16 
Beau Bennett             0  0  0  -1  0   2  3  0  0  0  1/4    16:19   2:10   0:14 
Brady Skjei              0  0  0  -1  2   0  0  0  0  0  0/0    11:11   0:00   2:04 
Daniel Carr              0  0  0   0  0   0  1  0  0  0  1/2     4:02   0:00   0:00 
Devante Smith-Pelly      0  1  1  -1  2   2  3  1  0  0  2/3    19:45   2:10   3:41 
James van Riemsdyk       0  1  1   0  0   9  2  1  0  0  0/0    23:18   3:47   0:00 
Jared Spurgeon           0  0  0   0  0   1  1  1  0  0  0/0    22:10   2:08   2:43 
Jarome Iginla            0  0  0   0  0   2  1  0  0  0  1/2    14:25   3:47   0:00 
Jarret Stoll             0  0  0   0  0   0  1  0  0  0  5/13    8:29   0:00   3:41 
John Carlson             1  0  1   0  0   5  0  1  0  0  0/0    26:07   3:49   2:09 
Jordan Martinook         0  0  0   0  0   0  0  0  0  0  2/5    10:11   0:00   0:00 
Justin Faulk             0  1  1   0  0   1  2  1  0  0  0/0    17:48   0:00   0:14 
Kevan Miller             0  0  0  -1  4   2  1  2  0  0  0/0    15:16   2:08   1:10 
Ryan Getzlaf             0  0  0   0  0   5  4  0  0  0  16/32  22:32   3:47   0:00 
Ryan Johansen            0  1  1   0  0   2  4  0  0  0  0/0    18:45   0:00   0:00 

Players Stats for Wild

Player Name              G  A  P  +/- PIM S  H  SB GA TA FO     MP     PP MP  PK MP  
------------------------------------------------------------------------------------
Alexander Edler          1  0  1   2  2   2  3  3  0  0  0/0    24:46   2:22   3:34 
Carl Gunnarsson          0  1  1   2  2   1  1  0  0  0  0/0    22:09   0:00   2:15 
Chris Wagner             0  0  0   0  0   2  0  0  0  0  9/19   13:02   0:00   3:59 
Christian Folin          0  0  0   0  0   0  1  0  0  0  0/0     2:23   0:00   2:23 
Dennis Wideman           0  0  0   0  0   1  2  1  0  0  0/0    13:20   0:34   2:23 
Dustin Brown             0  0  0   0  0   3  0  0  0  0  0/1    16:28   0:00   3:59 
Eric Staal               0  2  2   1  2   0  0  1  0  0  20/39  21:54   2:38   0:00 
Jason Pominville         1  0  1   1  0   3  2  0  0  0  1/2    20:48   2:38   0:00 
Jeff Petry               0  0  0  -1  0   1  2  0  0  0  0/0    22:18   3:01   1:19 
Kyle Okposo              0  0  0   0  0   4  1  0  0  0  0/1    20:56   3:19   0:00 
Marian Gaborik           1  1  2   1  2   2  0  0  0  0  1/1    19:35   2:38   0:00 
Mark Streit              0  0  0  -1  0   0  0  0  0  0  0/0    20:10   2:22   0:00 
Markus Granlund          0  0  0   0  0   0  0  0  0  0  0/6     4:38   0:00   1:58 
Mason Raymond            0  0  0   0  0   1  0  0  0  0  0/0     4:38   0:00   1:58 
Peter Holland            0  0  0   0  0   7  2  0  0  0  16/31  20:25   3:19   0:00 
Sven Baertschi           0  0  0   0  0   2  0  0  0  0  0/1     9:39   0:00   0:00 
Tanner Pearson           0  0  0   0  0   3  3  0  0  0  0/0    19:59   3:19   0:00 
Taylor Fedun             0  0  0   0  0   0  3  1  0  0  0/0    14:52   3:35   0:00 

3 Stars

1 - Alexander Edler (MIN)
2 - Jason Pominville (MIN)
3 - James Reimer (MIN)

Power Play

Flames - 0 on 3 Attempt(s) - 0.00%
Wild - 0 on 3 Attempt(s) - 0.00%

Penalty Kill

Flames - 3 on 3 Attempt(s) - 100.00% - Score 0 goal in Penalty Kill
Wild - 3 on 3 Attempt(s) - 100.00% - Score 0 goal in Penalty Kill

Team Stat

Flames - Hits : 28 - Faceoff Wins : 54 - Blocked Shots : 10 - Penalty Minutes : 8
Wild - Hits : 20 - Faceoff Wins : 47 - Blocked Shots : 6 - Penalty Minutes : 8

Official

Referees : Trevor Hanson and Garrett Rank
Linesman : Ryan Galloway and Brandon Gawryletz

Game Notes

No Game Note

Finance

Level 1 -- Attendance: 5779 (88.91%) -- Ticket Income $577,900
Level 2 -- Attendance: 5000 (100.00%) -- Ticket Income $300,000
Level 3 -- Attendance: 3405 (97.29%) -- Ticket Income $119,175
Level 4 -- Attendance: 1954 (100.00%) -- Ticket Income $39,080
Luxury Box -- Attendance: 952 (95.20%) -- Ticket Income $190,400
Game was played at the Xcel Energy Center.
Total Attendance: 17090 (95.19%)
Total Ticket Income: $1,226,555
Other Income: $183,983
Total Income: $1,410,538

% Time on Ice - Flames

Lines # - Real PCT - Wanted PCT - Time Play
Normal Forward
1 - 41% - 40% - 18:45
2 - 31% - 30% - 13:55
3 - 19% - 20% - 8:39
4 - 9% - 10% - 4:02
Normal Defense
1 - 41% - 40% - 18:32
2 - 28% - 30% - 12:43
3 - 24% - 20% - 10:45
4 - 7% - 10% - 3:21
PP Forward
1 - 64% - 60% - 3:47
2 - 36% - 40% - 2:10
PP Defense
1 - 64% - 60% - 3:49
2 - 36% - 40% - 2:08
PK Forward
1 - 66% - 60% - 3:55
2 - 34% - 40% - 2:02
PK Defense
1 - 64% - 60% - 3:48
2 - 36% - 40% - 2:09
PK3 Forward
1 - 0% - 60%
2 - 0% - 40%
PK3 Defense
1 - 0% - 60%
2 - 0% - 40%
44 Forward
1 - 61% - 60% - 1:13
2 - 39% - 40% - 0:46
44 Defense
1 - 37% - 60% - 0:44
2 - 63% - 40% - 1:15
Last Minute Offensive  - 0:46
Last Minute Defensive  - 0:00
Total
Forward - 60:00
Defense - 60:00

% Time on Ice - Wild

Lines # - Real PCT - Wanted PCT - Time Play
Normal Forward
1 - 37% - 40% - 16:40
2 - 37% - 40% - 16:58
3 - 20% - 15% - 9:03
4 - 6% - 5% - 2:40
Normal Defense
1 - 40% - 45% - 18:05
2 - 37% - 35% - 16:53
3 - 23% - 15% - 10:23
4 - 0% - 5% - 0:00
PP Forward
1 - 56% - 50% - 3:19
2 - 44% - 50% - 2:38
PP Defense
1 - 40% - 50% - 2:22
2 - 60% - 50% - 3:35
PK Forward
1 - 67% - 58% - 3:59
2 - 33% - 42% - 1:58
PK Defense
1 - 60% - 60% - 3:34
2 - 40% - 40% - 2:23
PK3 Forward
1 - 0% - 57%
2 - 0% - 43%
PK3 Defense
1 - 0% - 55%
2 - 0% - 45%
44 Forward
1 - 78% - 60% - 1:33
2 - 22% - 40% - 0:26
44 Defense
1 - 76% - 60% - 1:30
2 - 24% - 40% - 0:29
Last Minute Offensive  - 0:00
Last Minute Defensive  - 0:46
Total
Forward - 60:00
Defense - 60:00

Play by Play

1st period


0:01 of 1st period - Peter Holland wins face-off versus Ryan Getzlaf in neutral zone.
0:15 of 1st period - Alexander Edler is hit by James van Riemsdyk and loses puck.
0:39 of 1st period - Shot by James van Riemsdyk.
0:39 of 1st period - Stopped by James Reimer without a rebound.
0:40 of 1st period - Andrej Nestrasil wins face-off versus Eric Staal in Wild zone.
0:45 of 1st period - Shot by Devante Smith-Pelly.
0:45 of 1st period - Shot Misses the Net.
0:47 of 1st period - Shot by Andrej Nestrasil.
0:47 of 1st period - Goal by Andrej Nestrasil - Flames : 1 - Wild : 0.
0:48 of 1st period - Antoine Vermette wins face-off versus Eric Staal in neutral zone.
0:57 of 1st period - Eric Staal is hit by Jarome Iginla and loses puck.
1:22 of 1st period - Eric Staal is hit by Kevan Miller and loses puck.
1:24 of 1st period - Minor Penalty to Kevan Miller for Hooking.
1:25 of 1st period - Peter Holland wins face-off versus Jarret Stoll in Flames zone.
1:48 of 1st period - Shot by Peter Holland.
1:48 of 1st period - Stopped by Ben Bishop without a rebound.
1:49 of 1st period - Antoine Vermette wins face-off versus Eric Staal in Flames zone.
2:24 of 1st period - Jarret Stoll is hit by Jason Pominville.
2:31 of 1st period - Icing by Marian Gaborik.
2:32 of 1st period - Eric Staal wins face-off versus Jarret Stoll in Wild zone.
2:32 of 1st period - Eric Staal is hit by Jarret Stoll.
4:00 of 1st period - Dustin Brown is hit by Ryan Johansen and loses puck.
4:22 of 1st period - Ryan Johansen is hit by Jason Pominville.
4:31 of 1st period - Off-side.
4:32 of 1st period - Andrej Nestrasil wins face-off versus Peter Holland in neutral zone.
4:53 of 1st period - Shot by Beau Bennett.
4:53 of 1st period - Stopped by James Reimer without a rebound.
4:54 of 1st period - Jason Pominville wins face-off versus Jarret Stoll in Wild zone.
4:54 of 1st period - Jason Pominville is hit by Daniel Carr.
5:17 of 1st period - Minor Penalty to Brady Skjei for Hooking.
5:18 of 1st period - Peter Holland wins face-off versus Jarret Stoll in Flames zone.
5:30 of 1st period - Icing by Jeff Petry.
5:31 of 1st period - Jarret Stoll wins face-off versus Peter Holland in Wild zone.
5:44 of 1st period - Shot by Taylor Fedun.
5:44 of 1st period - Shot Blocked by Kevan Miller.
5:46 of 1st period - Shot by Taylor Fedun.
5:46 of 1st period - Deflect By Kyle Okposo.
5:46 of 1st period - Stopped by Ben Bishop with a rebound.
5:48 of 1st period - Shot by Kyle Okposo.
5:48 of 1st period - Shot Misses the Net.
6:19 of 1st period - Icing by Taylor Fedun.
6:20 of 1st period - Antoine Vermette wins face-off versus Peter Holland in Wild zone.
6:27 of 1st period - Icing by Tanner Pearson.
6:28 of 1st period - Peter Holland wins face-off versus Jarret Stoll in Wild zone.
7:10 of 1st period - Icing by Jason Pominville.
7:11 of 1st period - Eric Staal wins face-off versus Antoine Vermette in Wild zone.
7:11 of 1st period - Eric Staal is hit by Antoine Vermette.
7:28 of 1st period - Shot by Mason Raymond.
7:28 of 1st period - Stopped by Ben Bishop without a rebound.
7:29 of 1st period - Chris Wagner wins face-off versus Andrej Nestrasil in Flames zone.
7:32 of 1st period - Shot by Dustin Brown.
7:32 of 1st period - Stopped by Ben Bishop without a rebound.
7:33 of 1st period - Marian Gaborik wins face-off versus Andrej Nestrasil in Flames zone.
7:46 of 1st period - Shot by Andrej Nestrasil.
7:46 of 1st period - Stopped by James Reimer without a rebound.
7:47 of 1st period - Ryan Getzlaf wins face-off versus Kyle Okposo in Wild zone.
7:47 of 1st period - Ryan Johansen is hit by Alexander Edler and loses puck.
7:53 of 1st period - Minor Penalty to Carl Gunnarsson for Tripping.
7:54 of 1st period - Chris Wagner wins face-off versus Ryan Getzlaf in Wild zone.
8:13 of 1st period - Shot by John Carlson.
8:13 of 1st period - Shot Misses the Net.
8:15 of 1st period - Shot by Alec Martinez.
8:15 of 1st period - Shot Misses the Net.
8:17 of 1st period - Shot by Ryan Getzlaf.
8:17 of 1st period - Stopped by James Reimer without a rebound.
8:18 of 1st period - Chris Wagner wins face-off versus Devante Smith-Pelly in Wild zone.
8:18 of 1st period - Chris Wagner is hit by Beau Bennett.
8:32 of 1st period - Chris Wagner is hit by Beau Bennett and loses puck.
8:54 of 1st period - Off-side.
8:55 of 1st period - Ryan Getzlaf wins face-off versus Markus Granlund in neutral zone.
9:12 of 1st period - Shot by John Carlson.
9:12 of 1st period - Stopped by James Reimer with a rebound.
9:22 of 1st period - Shot by Chris Wagner.
9:22 of 1st period - Stopped by Ben Bishop with a rebound.
9:57 of 1st period - Shot by Peter Holland.
9:57 of 1st period - Stopped by Ben Bishop without a rebound.
9:58 of 1st period - Andrej Nestrasil wins face-off versus Peter Holland in Flames zone.
10:02 of 1st period - Justin Faulk is hit by Dennis Wideman and loses puck.
10:07 of 1st period - Shot by Beau Bennett.
10:07 of 1st period - Stopped by James Reimer without a rebound.
10:08 of 1st period - Andrej Nestrasil wins face-off versus Eric Staal in Wild zone.
10:24 of 1st period - Off-side.
10:25 of 1st period - Peter Holland wins face-off versus Jarret Stoll in neutral zone.
11:04 of 1st period - Shot by Peter Holland.
11:04 of 1st period - Stopped by Ben Bishop without a rebound.
11:05 of 1st period - Ryan Getzlaf wins face-off versus Eric Staal in Flames zone.
11:16 of 1st period - Shot by Ryan Getzlaf.
11:16 of 1st period - Shot Blocked by Eric Staal.
11:42 of 1st period - Shot by James van Riemsdyk.
11:42 of 1st period - Stopped by James Reimer without a rebound.
11:43 of 1st period - Andrej Nestrasil wins face-off versus Chris Wagner in Wild zone.
11:58 of 1st period - Shot by Sven Baertschi.
11:58 of 1st period - Stopped by Ben Bishop with a rebound.
12:08 of 1st period - Jared Spurgeon is hit by Jeff Petry and loses puck.
12:23 of 1st period - Shot by Devante Smith-Pelly.
12:23 of 1st period - Stopped by James Reimer without a rebound.
12:24 of 1st period - Peter Holland wins face-off versus Ryan Getzlaf in Wild zone.
12:29 of 1st period - John Carlson is hit by Tanner Pearson and loses puck.
12:36 of 1st period - Shot by Alexander Edler.
12:36 of 1st period - Stopped by Ben Bishop without a rebound.
12:37 of 1st period - Antoine Vermette wins face-off versus Jason Pominville in Flames zone.
12:59 of 1st period - Shot by Marian Gaborik.
12:59 of 1st period - Shot Misses the Net.
13:01 of 1st period - Shot by Dennis Wideman.
13:01 of 1st period - Stopped by Ben Bishop without a rebound.
13:02 of 1st period - Peter Holland wins face-off versus Ryan Getzlaf in Flames zone.
13:13 of 1st period - Shot by Kyle Okposo.
13:13 of 1st period - Shot Misses the Net.
13:15 of 1st period - Shot by Alexander Edler.
13:15 of 1st period - Shot Blocked by Jared Spurgeon.
13:21 of 1st period - Shot by Kyle Okposo.
13:21 of 1st period - Shot Misses the Net.
13:23 of 1st period - Shot by Alexander Edler.
13:23 of 1st period - Shot Misses the Net.
13:29 of 1st period - Shot by Peter Holland.
13:29 of 1st period - Shot Blocked by Justin Faulk.
13:31 of 1st period - Shot by Carl Gunnarsson.
13:31 of 1st period - Stopped by Ben Bishop without a rebound.
13:32 of 1st period - Andrej Nestrasil wins face-off versus Eric Staal in Flames zone.
13:54 of 1st period - Beau Bennett is hit by Jeff Petry and loses puck.
14:04 of 1st period - Shot by John Carlson.
14:04 of 1st period - Stopped by James Reimer without a rebound.
14:05 of 1st period - Peter Holland wins face-off versus Ryan Getzlaf in Wild zone.
14:05 of 1st period - Peter Holland is hit by Ryan Getzlaf.
14:12 of 1st period - Tanner Pearson is hit by Jared Spurgeon and loses puck.
14:17 of 1st period - Shot by Kyle Okposo.
14:17 of 1st period - Stopped by Ben Bishop without a rebound.
14:18 of 1st period - Antoine Vermette wins face-off versus Chris Wagner in Flames zone.
15:16 of 1st period - Shot by Peter Holland.
15:16 of 1st period - Stopped by Ben Bishop without a rebound.
15:17 of 1st period - Ryan Getzlaf wins face-off versus Peter Holland in Flames zone.
15:17 of 1st period - Ryan Getzlaf is hit by Kyle Okposo.
15:29 of 1st period - Shot by Ryan Getzlaf.
15:29 of 1st period - Deflect By James van Riemsdyk.
15:29 of 1st period - Shot Misses the Net.
15:33 of 1st period - Shot by Ryan Getzlaf.
15:33 of 1st period - Shot Misses the Net.
15:59 of 1st period - Shot by James van Riemsdyk.
15:59 of 1st period - Shot Blocked by Alexander Edler.
16:08 of 1st period - Icing by Carl Gunnarsson.
16:09 of 1st period - Peter Holland wins face-off versus Andrej Nestrasil in Wild zone.
16:09 of 1st period - Minor Penalty to Alexander Edler for Holding.
16:09 of 1st period - Minor Penalty to Devante Smith-Pelly for Holding.
16:10 of 1st period - Jarome Iginla wins face-off versus Eric Staal in Wild zone.
16:38 of 1st period - Shot by Jarome Iginla.
16:38 of 1st period - Stopped by James Reimer without a rebound.
16:39 of 1st period - Eric Staal wins face-off versus Antoine Vermette in Wild zone.
17:27 of 1st period - Icing by Jason Pominville.
17:28 of 1st period - Peter Holland wins face-off versus Jordan Martinook in Wild zone.
17:40 of 1st period - Icing by Kevan Miller.
17:41 of 1st period - Eric Staal wins face-off versus Jordan Martinook in Flames zone.
19:22 of 1st period - Icing by Taylor Fedun.
19:23 of 1st period - Antoine Vermette wins face-off versus Peter Holland in Wild zone.
Goals for this period are 1 for Flames vs 0 for Wild.
Shots for this period are 11 for Flames vs 13 for Wild.

2nd period


0:01 of 2nd period - Eric Staal wins face-off versus Ryan Getzlaf in neutral zone.
0:01 of 2nd period - Eric Staal is hit by Ryan Getzlaf.
0:05 of 2nd period - Shot by Marian Gaborik.
0:05 of 2nd period - Goal by Marian Gaborik - Flames : 1 - Wild : 1.
0:06 of 2nd period - Ryan Getzlaf wins face-off versus Eric Staal in neutral zone.
0:06 of 2nd period - Minor Penalty to Marian Gaborik for Roughing.
0:07 of 2nd period - Chris Wagner wins face-off versus Ryan Getzlaf in Wild zone.
0:16 of 2nd period - Shot by John Carlson.
0:16 of 2nd period - Shot Blocked by Dennis Wideman.
1:06 of 2nd period - Shot by Andrej Nestrasil.
1:06 of 2nd period - Shot Misses the Net.
1:08 of 2nd period - Shot by Kevan Miller.
1:08 of 2nd period - Shot Blocked by Alexander Edler.
1:10 of 2nd period - Shot by Jared Spurgeon.
1:10 of 2nd period - Deflect By Beau Bennett.
1:10 of 2nd period - Shot Misses the Net.
1:24 of 2nd period - Shot by Andrej Nestrasil.
1:24 of 2nd period - Shot Hit the Post.
1:26 of 2nd period - Shot by Kevan Miller.
1:26 of 2nd period - Shot Misses the Net.
1:32 of 2nd period - Shot by Andrej Nestrasil.
1:32 of 2nd period - Stopped by James Reimer without a rebound.
1:33 of 2nd period - Ryan Getzlaf wins face-off versus Markus Granlund in Wild zone.
1:48 of 2nd period - Shot by James van Riemsdyk.
1:48 of 2nd period - Shot Misses the Net.
1:50 of 2nd period - Shot by John Carlson.
1:50 of 2nd period - Shot Misses the Net.
1:52 of 2nd period - Shot by James van Riemsdyk.
1:52 of 2nd period - Shot Hit the Post.
1:54 of 2nd period - Shot by John Carlson.
1:54 of 2nd period - Stopped by James Reimer with a rebound.
1:56 of 2nd period - Shot by James van Riemsdyk.
1:56 of 2nd period - Shot Misses the Net.
1:58 of 2nd period - Shot by John Carlson.
1:58 of 2nd period - Stopped by James Reimer without a rebound.
1:59 of 2nd period - Andrej Nestrasil wins face-off versus Markus Granlund in Wild zone.
2:06 of 2nd period - Shot by Jared Spurgeon.
2:06 of 2nd period - Shot Misses the Net.
3:17 of 2nd period - Shot by Andrej Nestrasil.
3:17 of 2nd period - Stopped by James Reimer with a rebound.
3:31 of 2nd period - Shot by Andrej Nestrasil.
3:31 of 2nd period - Shot Misses the Net.
3:33 of 2nd period - Shot by Kevan Miller.
3:33 of 2nd period - Stopped by James Reimer without a rebound.
3:34 of 2nd period - Chris Wagner wins face-off versus Ryan Getzlaf in Wild zone.
3:44 of 2nd period - Taylor Fedun is hit by Ryan Getzlaf and loses puck.
3:57 of 2nd period - Shot by Ryan Getzlaf.
3:57 of 2nd period - Stopped by James Reimer without a rebound.
3:58 of 2nd period - Antoine Vermette wins face-off versus Peter Holland in Wild zone.
4:03 of 2nd period - Shot by Jared Spurgeon.
4:03 of 2nd period - Shot Misses the Net.
4:11 of 2nd period - Shot by Antoine Vermette.
4:11 of 2nd period - Stopped by James Reimer without a rebound.
4:12 of 2nd period - Eric Staal wins face-off versus Ryan Getzlaf in Wild zone.
4:12 of 2nd period - Jeff Petry is hit by Ryan Johansen and loses puck.
4:21 of 2nd period - Shot by James van Riemsdyk.
4:21 of 2nd period - Stopped by James Reimer without a rebound.
4:22 of 2nd period - Peter Holland wins face-off versus Andrej Nestrasil in Wild zone.
4:37 of 2nd period - Shot by Kyle Okposo.
4:37 of 2nd period - Deflect By Tanner Pearson.
4:37 of 2nd period - Shot Misses the Net.
4:39 of 2nd period - Shot by Peter Holland.
4:39 of 2nd period - Stopped by Ben Bishop without a rebound.
4:40 of 2nd period - Eric Staal wins face-off versus Ryan Getzlaf in Flames zone.
4:58 of 2nd period - Jason Pominville is hit by Justin Faulk and loses puck.
5:41 of 2nd period - Alec Martinez is hit by Peter Holland and loses puck.
6:03 of 2nd period - John Carlson is hit by Tanner Pearson and loses puck.
6:07 of 2nd period - Carl Gunnarsson is hit by Alec Martinez and loses puck.
6:10 of 2nd period - Shot by Tanner Pearson.
6:10 of 2nd period - Shot Misses the Net.
6:20 of 2nd period - Dustin Brown is hit by Devante Smith-Pelly and loses puck.
6:28 of 2nd period - Icing by Taylor Fedun.
6:29 of 2nd period - Chris Wagner wins face-off versus Jarome Iginla in Wild zone.
6:46 of 2nd period - Shot by Dustin Brown.
6:46 of 2nd period - Stopped by Ben Bishop without a rebound.
6:47 of 2nd period - Eric Staal wins face-off versus Jarret Stoll in Flames zone.
6:55 of 2nd period - Minor Penalty to Eric Staal for Hooking.
6:56 of 2nd period - Ryan Getzlaf wins face-off versus Chris Wagner in Wild zone.
6:59 of 2nd period - Shot by Ryan Getzlaf.
6:59 of 2nd period - Stopped by James Reimer without a rebound.
7:00 of 2nd period - Ryan Getzlaf wins face-off versus Chris Wagner in Wild zone.
7:00 of 2nd period - Jarome Iginla is hit by Carl Gunnarsson and loses puck.
7:15 of 2nd period - Shot by James van Riemsdyk.
7:15 of 2nd period - Stopped by James Reimer without a rebound.
7:16 of 2nd period - Chris Wagner wins face-off versus Beau Bennett in Wild zone.
7:29 of 2nd period - Shot by Dustin Brown.
7:29 of 2nd period - Stopped by Ben Bishop without a rebound.
7:30 of 2nd period - Ryan Getzlaf wins face-off versus Dustin Brown in Flames zone.
7:54 of 2nd period - Ryan Getzlaf is hit by Christian Folin.
8:48 of 2nd period - Shot by Kevan Miller.
8:48 of 2nd period - Stopped by James Reimer without a rebound.
8:49 of 2nd period - Devante Smith-Pelly wins face-off versus Markus Granlund in Wild zone.
9:04 of 2nd period - Shot by Daniel Carr.
9:04 of 2nd period - Shot Misses the Net.
9:06 of 2nd period - Shot by Andrew Miller.
9:06 of 2nd period - Shot Misses the Net.
9:16 of 2nd period - Shot by Andrew Miller.
9:16 of 2nd period - Shot Misses the Net.
9:44 of 2nd period - Shot by Ryan Getzlaf.
9:44 of 2nd period - Stopped by James Reimer without a rebound.
9:45 of 2nd period - Peter Holland wins face-off versus Ryan Getzlaf in Wild zone.
9:54 of 2nd period - Shot by Tanner Pearson.
9:54 of 2nd period - Stopped by Ben Bishop with a rebound.
10:25 of 2nd period - Shot by Kyle Okposo.
10:25 of 2nd period - Shot Blocked by James van Riemsdyk.
10:27 of 2nd period - Shot by Peter Holland.
10:27 of 2nd period - Stopped by Ben Bishop without a rebound.
10:28 of 2nd period - Andrej Nestrasil wins face-off versus Chris Wagner in Flames zone.
10:53 of 2nd period - Shot by Andrej Nestrasil.
10:53 of 2nd period - Stopped by James Reimer with a rebound.
11:02 of 2nd period - Icing by Dennis Wideman.
11:03 of 2nd period - Antoine Vermette wins face-off versus Chris Wagner in Wild zone.
11:24 of 2nd period - Off-side.
11:25 of 2nd period - Eric Staal wins face-off versus Ryan Getzlaf in neutral zone.
11:46 of 2nd period - Shot by James van Riemsdyk.
11:46 of 2nd period - Shot Misses the Net.
11:48 of 2nd period - Shot by John Carlson.
11:48 of 2nd period - Goal by John Carlson - Flames : 2 - Wild : 1.
11:49 of 2nd period - Peter Holland wins face-off versus Andrej Nestrasil in neutral zone.
11:49 of 2nd period - Kyle Okposo is hit by Beau Bennett and loses puck.
11:53 of 2nd period - Off-side.
11:54 of 2nd period - Peter Holland wins face-off versus Andrej Nestrasil in neutral zone.
11:57 of 2nd period - Shot by Kyle Okposo.
11:57 of 2nd period - Stopped by Ben Bishop without a rebound.
11:58 of 2nd period - Ryan Getzlaf wins face-off versus Eric Staal in Flames zone.
12:31 of 2nd period - Shot by James van Riemsdyk.
12:31 of 2nd period - Stopped by James Reimer without a rebound.
12:32 of 2nd period - Andrej Nestrasil wins face-off versus Peter Holland in Wild zone.
13:10 of 2nd period - Icing by Jeff Petry.
13:11 of 2nd period - Ryan Getzlaf wins face-off versus Peter Holland in Wild zone.
13:35 of 2nd period - Peter Holland is hit by James van Riemsdyk and loses puck.
14:23 of 2nd period - Icing by Jeff Petry.
14:24 of 2nd period - Andrej Nestrasil wins face-off versus Peter Holland in Wild zone.
14:31 of 2nd period - Shot by Andrej Nestrasil.
14:31 of 2nd period - Shot Misses the Net.
14:42 of 2nd period - Icing by Justin Faulk.
14:43 of 2nd period - Eric Staal wins face-off versus Andrej Nestrasil in Flames zone.
14:44 of 2nd period - Shot by Alexander Edler.
14:44 of 2nd period - Goal by Alexander Edler - Flames : 2 - Wild : 2.
14:45 of 2nd period - Antoine Vermette wins face-off versus Eric Staal in neutral zone.
15:05 of 2nd period - Icing by Alexander Edler.
15:06 of 2nd period - Ryan Getzlaf wins face-off versus Eric Staal in Wild zone.
15:13 of 2nd period - Shot by James van Riemsdyk.
15:13 of 2nd period - Shot Misses the Net.
15:15 of 2nd period - Shot by James van Riemsdyk.
15:15 of 2nd period - Stopped by James Reimer without a rebound.
15:16 of 2nd period - Andrej Nestrasil wins face-off versus Chris Wagner in Wild zone.
15:16 of 2nd period - John Carlson is hit by Dennis Wideman and loses puck.
15:26 of 2nd period - Icing by Sven Baertschi.
15:27 of 2nd period - Chris Wagner wins face-off versus Ryan Getzlaf in Wild zone.
15:29 of 2nd period - Dustin Brown is hit by Ryan Getzlaf.
15:38 of 2nd period - James van Riemsdyk is hit by Taylor Fedun and loses puck.
15:52 of 2nd period - Dustin Brown is hit by Justin Faulk and loses puck.
16:29 of 2nd period - Icing by Beau Bennett.
16:30 of 2nd period - Eric Staal wins face-off versus Andrej Nestrasil in Flames zone.
16:30 of 2nd period - Alexander Edler is hit by Alec Martinez and loses puck.
16:48 of 2nd period - Alexander Edler is hit by Alec Martinez and loses puck.
17:29 of 2nd period - Icing by Alec Martinez.
17:30 of 2nd period - Beau Bennett wins face-off versus Peter Holland in Flames zone.
17:30 of 2nd period - Beau Bennett is hit by Tanner Pearson.
17:44 of 2nd period - Shot by Peter Holland.
17:44 of 2nd period - Stopped by Ben Bishop without a rebound.
17:45 of 2nd period - Ryan Getzlaf wins face-off versus Markus Granlund in Flames zone.
17:54 of 2nd period - Shot by James van Riemsdyk.
17:54 of 2nd period - Stopped by James Reimer with a rebound.
18:14 of 2nd period - Shot by Jared Spurgeon.
18:14 of 2nd period - Stopped by James Reimer without a rebound.
18:15 of 2nd period - Peter Holland wins face-off versus Antoine Vermette in Wild zone.
18:30 of 2nd period - Shot by Kyle Okposo.
18:30 of 2nd period - Deflect By Peter Holland.
18:30 of 2nd period - Shot Misses the Net.
18:32 of 2nd period - Shot by Jeff Petry.
18:32 of 2nd period - Shot Blocked by Antoine Vermette.
18:34 of 2nd period - Shot by Mark Streit.
18:34 of 2nd period - Shot Misses the Net.
18:36 of 2nd period - Shot by Mark Streit.
18:36 of 2nd period - Shot Blocked by Kevan Miller.
18:38 of 2nd period - Shot by Jeff Petry.
18:38 of 2nd period - Stopped by Ben Bishop with a rebound.
18:42 of 2nd period - Shot by Tanner Pearson.
18:42 of 2nd period - Stopped by Ben Bishop without a rebound.
18:43 of 2nd period - Eric Staal wins face-off versus Ryan Getzlaf in Flames zone.
19:05 of 2nd period - Icing by Alexander Edler.
19:06 of 2nd period - Andrej Nestrasil wins face-off versus Eric Staal in Wild zone.
19:15 of 2nd period - Shot by Devante Smith-Pelly.
19:15 of 2nd period - Shot Misses the Net.
Goals for this period are 1 for Flames vs 2 for Wild.
Shots for this period are 18 for Flames vs 11 for Wild.

3rd period


0:01 of 3rd period - Ryan Getzlaf wins face-off versus Eric Staal in neutral zone.
1:34 of 3rd period - Shot by Jared Spurgeon.
1:34 of 3rd period - Shot Misses the Net.
1:36 of 3rd period - Shot by Jarome Iginla.
1:36 of 3rd period - Stopped by James Reimer without a rebound.
1:37 of 3rd period - Andrej Nestrasil wins face-off versus Chris Wagner in Wild zone.
1:37 of 3rd period - Devante Smith-Pelly is hit by Taylor Fedun and loses puck.
1:44 of 3rd period - Shot by Devante Smith-Pelly.
1:44 of 3rd period - Stopped by James Reimer without a rebound.
1:45 of 3rd period - Chris Wagner wins face-off versus Beau Bennett in Wild zone.
1:56 of 3rd period - Shot by Sven Baertschi.
1:56 of 3rd period - Stopped by Ben Bishop without a rebound.
1:57 of 3rd period - Antoine Vermette wins face-off versus Eric Staal in Flames zone.
2:02 of 3rd period - Taylor Fedun is hit by Antoine Vermette and loses puck.
2:06 of 3rd period - Icing by Taylor Fedun.
2:07 of 3rd period - Ryan Getzlaf wins face-off versus Eric Staal in Wild zone.
2:12 of 3rd period - Shot by James van Riemsdyk.
2:12 of 3rd period - Stopped by James Reimer with a rebound.
2:38 of 3rd period - Shot by Marian Gaborik.
2:38 of 3rd period - Shot Blocked by Alec Martinez.
3:11 of 3rd period - Ryan Johansen is hit by Peter Holland and loses puck.
3:18 of 3rd period - Shot by Tanner Pearson.
3:18 of 3rd period - Shot Blocked by John Carlson.
3:52 of 3rd period - Sven Baertschi is hit by Ryan Johansen and loses puck.
4:24 of 3rd period - Shot by Mark Streit.
4:24 of 3rd period - Shot Blocked by Alec Martinez.
4:26 of 3rd period - Shot by Chris Wagner.
4:26 of 3rd period - Stopped by Ben Bishop without a rebound.
4:27 of 3rd period - Eric Staal wins face-off versus Beau Bennett in Flames zone.
4:35 of 3rd period - Justin Faulk is hit by Taylor Fedun and loses puck.
4:40 of 3rd period - Shot by Justin Faulk.
4:40 of 3rd period - Stopped by James Reimer without a rebound.
4:41 of 3rd period - Jordan Martinook wins face-off versus Peter Holland in Wild zone.
4:41 of 3rd period - Kevan Miller is hit by Alexander Edler and loses puck.
5:00 of 3rd period - Shot by Antoine Vermette.
5:00 of 3rd period - Stopped by James Reimer without a rebound.
5:01 of 3rd period - Eric Staal wins face-off versus Andrej Nestrasil in Wild zone.
5:10 of 3rd period - Shot by Jason Pominville.
5:10 of 3rd period - Stopped by Ben Bishop without a rebound.
5:11 of 3rd period - Eric Staal wins face-off versus Antoine Vermette in Flames zone.
5:20 of 3rd period - Shot by Marian Gaborik.
5:20 of 3rd period - Deflect By Jason Pominville.
5:20 of 3rd period - Stopped by Ben Bishop with a rebound.
5:22 of 3rd period - Shot by Marian Gaborik.
5:22 of 3rd period - Stopped by Ben Bishop without a rebound.
5:23 of 3rd period - Andrej Nestrasil wins face-off versus Peter Holland in Flames zone.
6:26 of 3rd period - Alexander Edler is hit by Devante Smith-Pelly and loses puck.
6:51 of 3rd period - Shot by Jason Pominville.
6:51 of 3rd period - Goal by Jason Pominville - Flames : 2 - Wild : 3.
6:52 of 3rd period - Antoine Vermette wins face-off versus Markus Granlund in neutral zone.
7:19 of 3rd period - Shot by Justin Faulk.
7:19 of 3rd period - Shot Misses the Net.
7:30 of 3rd period - Off-side.
7:31 of 3rd period - Eric Staal wins face-off versus Ryan Getzlaf in neutral zone.
7:52 of 3rd period - Shot by Ryan Getzlaf.
7:52 of 3rd period - Stopped by James Reimer with a rebound.
7:54 of 3rd period - Shot by Ryan Getzlaf.
7:54 of 3rd period - Deflect By Ryan Johansen.
7:54 of 3rd period - Stopped by James Reimer without a rebound.
7:55 of 3rd period - Peter Holland wins face-off versus Jarret Stoll in Wild zone.
8:05 of 3rd period - Icing by Andrew Miller.
8:06 of 3rd period - Jarret Stoll wins face-off versus Eric Staal in Flames zone.
8:12 of 3rd period - Off-side.
8:13 of 3rd period - Eric Staal wins face-off versus Ryan Getzlaf in neutral zone.
8:22 of 3rd period - Shot by Ryan Getzlaf.
8:22 of 3rd period - Shot Blocked by Alexander Edler.
8:45 of 3rd period - Icing by John Carlson.
8:46 of 3rd period - Ryan Getzlaf wins face-off versus Peter Holland in Flames zone.
8:55 of 3rd period - Shot by James van Riemsdyk.
8:55 of 3rd period - Shot Misses the Net.
10:31 of 3rd period - Minor Penalty to Kevan Miller for Interference.
10:32 of 3rd period - Jarret Stoll wins face-off versus Eric Staal in Flames zone.
11:11 of 3rd period - Shot by Tanner Pearson.
11:11 of 3rd period - Stopped by Ben Bishop without a rebound.
11:12 of 3rd period - Jarret Stoll wins face-off versus Peter Holland in Flames zone.
12:06 of 3rd period - Icing by Jeff Petry.
12:07 of 3rd period - Eric Staal wins face-off versus Antoine Vermette in Wild zone.
12:45 of 3rd period - Shot by Chris Wagner.
12:45 of 3rd period - Shot Misses the Net.
12:47 of 3rd period - Shot by Dustin Brown.
12:47 of 3rd period - Shot Misses the Net.
14:03 of 3rd period - Taylor Fedun is hit by Ryan Johansen and loses puck.
14:20 of 3rd period - Shot by Jeff Petry.
14:20 of 3rd period - Shot Misses the Net.
14:24 of 3rd period - Shot by Marian Gaborik.
14:24 of 3rd period - Shot Misses the Net.
15:12 of 3rd period - Shot by Andrej Nestrasil.
15:12 of 3rd period - Stopped by James Reimer without a rebound.
15:13 of 3rd period - Antoine Vermette wins face-off versus Sven Baertschi in Wild zone.
15:13 of 3rd period - Jared Spurgeon is hit by Alexander Edler and loses puck.
16:20 of 3rd period - Shot by Kyle Okposo.
16:20 of 3rd period - Stopped by Ben Bishop with a rebound.
16:22 of 3rd period - Shot by Tanner Pearson.
16:22 of 3rd period - Shot Blocked by Devante Smith-Pelly.
16:39 of 3rd period - Icing by Mark Streit.
16:40 of 3rd period - Eric Staal wins face-off versus Daniel Carr in Wild zone.
17:06 of 3rd period - Icing by Jared Spurgeon.
17:07 of 3rd period - Daniel Carr wins face-off versus Chris Wagner in Flames zone.
17:09 of 3rd period - Icing by Justin Faulk.
17:10 of 3rd period - Jarret Stoll wins face-off versus Chris Wagner in Flames zone.
18:07 of 3rd period - Icing by John Carlson.
18:08 of 3rd period - Devante Smith-Pelly wins face-off versus Eric Staal in Flames zone.
18:23 of 3rd period - Eric Staal is hit by Devante Smith-Pelly and loses puck.
19:07 of 3rd period - Flames, Ben Bishop is pulled from the net.
19:11 of 3rd period - Shot by Ryan Johansen.
19:11 of 3rd period - Shot Blocked by Taylor Fedun.
19:13 of 3rd period - Shot by Ryan Johansen.
19:13 of 3rd period - Stopped by James Reimer without a rebound.
19:14 of 3rd period - Eric Staal wins face-off versus Jordan Martinook in Wild zone.
19:24 of 3rd period - Shot by James van Riemsdyk.
19:24 of 3rd period - Stopped by James Reimer without a rebound.
19:25 of 3rd period - Jordan Martinook wins face-off versus Eric Staal in Wild zone.
Goals for this period are 0 for Flames vs 1 for Wild.
Shots for this period are 10 for Flames vs 8 for Wild.